Map: Stargazers

Players

Oliveira - Winner!

  • Race: Terran Terran
  • League: Grandmaster
  • Spawn Location: 11:00

Zoun

  • Race: Protoss Protoss
  • Spawn Location: 1:00

VOD

Have the link to the VOD?

Description

Time

  • Played on: Oct. 22, 2022, 6:54 a.m.
  • Length: 8:00
Show
View Real Time Build Order
Export as new Build Order

Oliveira Terran - Winner!

Build Orders: Reaper Expand 

Get SALT Encoding   

  12  0:00  SCV  
  13  0:12  SCV  
  14  0:16  Supply Depot  
  14  0:24  SCV  
  15  0:38  SCV  
  15  0:40  Barracks  
  16  0:43  Refinery  
  16  0:50  SCV  
  17  1:02  SCV  
  18  1:14  SCV  
  19  1:26  Reaper  
  19  1:27  Orbital Command  
  20  1:39  Command Center  
  20  1:49  Barracks  
  20  1:53  SCV  
  21  2:00  Barracks Reactor  
  21  2:05  SCV  
  22  2:09  Supply Depot  
  22  2:17  SCV  
  23  2:23  Factory  
  23  2:24  Refinery  
  23  2:31  SCV  
  23  2:36  Marine x2  
  26  2:37  Barracks Tech Lab  
  26  2:43  SCV  
  27  2:52  Orbital Command  
  27  2:55  Marine x2  
  27  2:56  SCV  
  30  2:59  Stimpack  
  30  3:00  Marine  
  30  3:02  Orbital Command  
  31  3:08  SCV  
  31  3:12  Marine x2  
  32  3:17  Starport  
  34  3:21  Marine  
  34  3:26  Factory Reactor  
  35  3:28  SCV  
  35  3:29  SCV  
  35  3:30  Marine  
  38  3:34  Supply Depot  
  38  3:35  Marine  
  38  3:40  SCV  
  40  3:41  SCV  
  40  3:42  Marine  
  42  3:49  Marine  
  42  3:53  SCV x2, Marine  
  46  3:57  Supply Depot  
  46  4:00  Marine  
  47  4:05  Medivac x2  
  47  4:06  SCV  
  47  4:08  SCV  
  47  4:09  Marine  
  54  4:11  Factory Tech Lab  
  54  4:16  Engineering Bay  
  54  4:18  Marine  
  54  4:20  Supply Depot  
  54  4:21  SCV  
  54  4:22  SCV  
  54  4:23  Marine  
  58  4:29  Refinery  
  58  4:30  Marine  
  59  4:33  SCV  
  59  4:35  SCV  
  61  4:41  Siege Tank  
  61  4:45  SCV, Barracks  
  65  4:47  Supply Depot  
  65  4:49  Combat Shield  
  65  4:50  Marine  
  65  4:52  Marine  
  67  4:54  SCV  
  67  4:57  Starport Reactor  
  68  5:00  SCV  
  68  5:05  Refinery  
  68  5:07  SCV  
  67  5:08  Marine  
  67  5:09  Terran Infantry Weapons Level 1, Marine  
  67  5:13  SCV  
  69  5:17  Marine  
  69  5:19  SCV  
  68  5:25  SCV  
  63  5:30  Marine  
  63  5:32  Siege Tank  
  63  5:33  SCV  
  63  5:35  Marine x2  
  62  5:37  SCV, Marine  
  62  5:42  Supply Depot x2  
  64  5:44  Medivac x2  
  64  5:46  SCV  
  64  5:47  Marine x2  
  71  5:53  Marine x2  
  71  5:54  Marine  
  71  6:02  SCV  
  68  6:05  Marine x2  
  68  6:08  Siege Tank  
  68  6:11  Marine x2  
  75  6:12  Marine  
  75  6:17  Medivac x2  
  75  6:18  Supply Depot  
  80  6:23  Marine x2  
  79  6:28  Marine x2  
  79  6:30  SCV, Marine  
  79  6:40  SCV, Marine  
  79  6:41  Marine  
  79  6:43  Siege Tank  
  79  6:46  Marine x2  
  87  6:48  Marine  
  88  6:55  Medivac x2  
  88  6:58  Marine  
  88  6:59  Marine  
  94  7:04  Marine x2  
  94  7:06  Marine  
  87  7:16  Marine x2  
  87  7:21  SCV  
  87  7:22  SCV, Marine x2  
  91  7:23  Marine  
  91  7:26  Siege Tank  
  91  7:27  Medivac  
  91  7:34  Marine x2  
  93  7:40  Command Center, Marine x2  
  93  7:41  Marine  
Show
View Real Time Build Order
Export as new Build Order

Zoun Protoss 

Build Orders: 1 Gate Expand, Blink Stalkers 

Get SALT Encoding   

  12  0:00  Probe  
  13  0:13  Probe  
  14  0:18  Pylon  
  14  0:25  Probe (Chrono Boost)  
  15  0:37  Probe (Chrono Boost), Gateway  
  16  0:45  Probe (Chrono Boost)  
  16  0:46  Assimilator  
  17  0:51  Probe  
  18  1:03  Probe  
  19  1:15  Probe  
  20  1:23  Nexus  
  20  1:32  Cybernetics Core  
  20  1:34  Probe  
  20  1:39  Assimilator  
  21  1:46  Probe  
  22  1:50  Pylon  
  22  1:58  Probe  
  23  2:06  Adept (Chrono Boost)  
  23  2:10  Warp Gate, Probe  
  25  2:16  Twilight Council  
  26  2:22  Probe  
  26  2:29  Stalker  
  28  2:35  Probe x2 (Chrono Boost)  
  32  2:45  Probe x2 (Chrono Boost)  
  32  2:48  Blink (Chrono Boost)  
  32  2:50  Probe (Chrono Boost)  
  32  2:53  Probe  
  34  3:05  Gateway  
  34  3:06  Probe  
  34  3:07  Probe  
  36  3:12  Stalker  
  36  3:18  Probe  
  36  3:19  Probe  
  40  3:23  Robotics Facility  
  40  3:31  Probe x2  
  40  3:32  Pylon  
  42  3:37  Shield Battery  
  42  3:43  Probe  
  42  3:46  Probe  
  42  3:48  Assimilator  
  44  3:55  Probe  
  45  3:59  Probe, Stalker x2  
  50  4:04  Pylon  
  50  4:07  Probe  
  52  4:10  Observer  
  52  4:12  Probe  
  52  4:13  Assimilator  
  53  4:19  Probe  
  54  4:24  Probe  
  54  4:28  Templar Archives  
  55  4:31  Probe  
  55  4:32  Pylon  
  55  4:34  Warp Prism  
  58  4:39  Probe  
  58  4:40  Stalker  
  61  4:47  Nexus  
  61  4:50  Pylon  
  61  4:57  Stalker  
  61  4:59  Pylon  
  55  5:18  Stalker  
  55  5:22  Probe  
  56  5:29  Probe  
  56  5:34  Probe  
  58  5:41  Probe  
  58  5:42  Pylon  
  59  5:46  Probe  
  60  5:51  Gateway x2  
  60  5:56  Probe  
  59  6:02  Probe (Chrono Boost)  
  60  6:07  Stalker  
  60  6:09  Probe (Chrono Boost)  
  60  6:10  Probe (Chrono Boost)  
  64  6:11  Psionic Storm  
  64  6:14  Probe (Chrono Boost)  
  65  6:20  High Templar  
  65  6:21  Probe x2 (Chrono Boost)  
  65  6:23  Probe (Chrono Boost)  
  68  6:26  Probe x2 (Chrono Boost)  
  68  6:29  Probe  
  68  6:30  Gateway  
  71  6:35  Pylon  
  71  6:36  Probe  
  73  6:40  Shield Battery, Probe  
  73  6:46  Stalker x3  
  76  6:54  Stalker  
  76  6:57  Probe, Forge  
  72  7:05  Probe  
  72  7:06  Probe  
  70  7:09  Probe  
  70  7:13  Stalker x3  
  77  7:17  Probe  
  74  7:26  Stalker x2  
  74  7:29  Probe  
  74  7:30  Probe  
  71  7:38  Probe  
  71  7:39  Stalker  
  71  7:42  Zealot  
Tags
 
Add a new tag
Caveats
  • Supply blocks, unpowered buildings, or Contaminate may cause inaccurate times.
  • Supply counts are checked every 10 seconds.